 Dungeon Crawl Stone Soup version 0.19.4-9-g45fd643 (webtiles) character file.

820 nikopol the Cudgeler (level 7, -1/44 HPs)
             Began as a Gargoyle Berserker on Feb 18, 2017.
             Was a Priest of Trog.
             Slain by a gnoll shaman
             ... wielding a +1 whip of distortion
              (6 damage)
             ... on level 5 of the Dungeon.
             The game lasted 00:29:30 (5586 turns).

nikopol the Cudgeler (Gargoyle Berserker)           Turns: 5586, Time: 00:29:31

Health: -1/44      AC: 11    Str: 20    XL:     7   Next: 95%
Magic:  0/7        EV: 12    Int:  8    God:    Trog [***...]
Gold:   270        SH:  0    Dex: 11    Spells: 0 memorised, 6 levels left

rFire  . . .     SeeInvis .     a - +0 flail
rCold  . . .     Gourm    .     B - +1 ring mail {rN+}
rNeg   + + +     Faith    .     (no shield)
rPois  ∞         Spirit   +     (no helmet)
rElec  +         Reflect  .     (no cloak)
rCorr  +         Harm     .     (no gloves)
MR     .....                    (no boots)
Stlth  +.........               r - amulet of guardian spirit
                                t - ring of positive energy
                                e - ring of resist corrosion

@: exhausted, slowed, very slow
A: negative energy resistance 1, electricity resistance, unbreathing,
petrification resistance, rot immunity, AC +4
a: Berserk, Trog's Hand, Burn Spellbooks, Renounce Religion


You were on level 5 of the Dungeon.
You worshipped Trog.
Trog was most pleased with you.
You were not hungry.

You visited 1 branch of the dungeon, and saw 5 of its levels.

You collected 270 gold pieces.

Inventory:

Hand Weapons
 a - a +0 flail (weapon)
 p - a +0 mace
Missiles
 l - 34 arrows (quivered)
Armour
 b - a +0 animal skin
 g - a +0 leather armour
 n - a +0 ring mail
 B - a +1 ring mail of positive energy (worn)
Jewellery
 e - a ring of resist corrosion (left hand)
 j - a cursed amulet of inaccuracy
 r - an amulet of guardian spirit (around neck)
 t - a ring of positive energy (right hand)
Scrolls
 d - a scroll of teleportation {unknown}
 h - a scroll of fear {unknown}
 i - a scroll of noise {unknown}
 m - 5 scrolls of identify
 u - a scroll of remove curse {unknown}
 y - 2 scrolls of recharging {unknown}
Potions
 f - 3 potions of ambrosia {unknown}
 k - a potion of brilliance {unknown}
 o - 3 potions of cancellation {unknown}
 q - a potion of mutation {unknown}
 s - 3 potions of curing {unknown}
 v - 2 potions of agility {unknown}
 w - a potion of might {unknown}
 x - a potion of berserk rage {unknown}
Comestibles
 c - 3 bread rations
 z - a fruit
 A - a meat ration


   Skills:
 + Level 5.5 Fighting
 * Level 5.7 Maces & Flails
 + Level 4.8 Armour
 + Level 3.7 Dodging


You had 6 spell levels left.
You didn't know any spells.

Dungeon Overview and Level Annotations

Branches:
Dungeon (5/15)
 Temple: D:4-7

Altars:
Makhleb
Ru
Trog
Vehumet
Yredelemnul
The Shining One


Innate Abilities, Weirdness & Mutations

You are resistant to torment.
Your stone body is resilient. (AC +4)
You are immune to poison.
You resist negative energy. (rN+)
You are resistant to electric shocks. (rElec)
You can survive without breathing.
You are immune to petrification.
You are immune to rotting.


Message History

The gnoll shaman hits you with a whip of distortion.
Space bends around you. The gnoll closely misses you.
You closely miss the gnoll shaman.
The gnoll shaman is moderately wounded.
The gnoll barely misses you.
The gnoll shaman hits you with a whip of distortion.
Space bends around you. The gnoll closely misses you. x2
The gnoll shaman misses you. The gnoll hits you but does no damage.
You closely miss the gnoll shaman.
The gnoll shaman is moderately wounded.
The gnoll hits you but does no damage. The gnoll shaman closely misses you.
The gnoll hits you from afar with a vampiric spear.
You closely miss the gnoll shaman.
The gnoll shaman is moderately wounded.
The gnoll hits you but does no damage. x2
The gnoll shaman hits you but does no damage.
Space warps horribly around you!
* * * LOW HITPOINT WARNING * * *
The gnoll shaman hits you with a whip of distortion!
You die...

............#
.........$.# .
..........# ##
..
.........##.#
...
.....g.##..#
....
$g...##..#
#/..##...##..#
#..gg###..#
###.gg@..#
###g..## ##.##
#.# #.# #.#
#.# #.# ##.#


You could see a gnoll shaman and 4 gnolls.

Vanquished Creatures
  Menkaure (D:5)
  A sky beast (D:5)
  An ogre (D:4)
  A bullfrog (D:3)
  A howler monkey (D:5)
  A crimson imp (D:4)
  3 orc wizards (D:4)
  2 orc priests (D:4)
  Jessica (D:2)
  A worker ant (D:4)
  A statue (D:4)
  5 adders
  An adder zombie (D:5)
  5 worms
  6 leopard geckos
  15 orcs
  A ball python (D:4)
  5 bats
  4 giant cockroaches
  8 hobgoblins
  16 jackals
  5 kobolds
  2 quokkas (D:3)
  4 frilled lizards
  6 goblins
  9 rats
106 creatures vanquished.

Notes
Turn   | Place    | Note
-------+----------+-------------------------------------------
     0 | D:1      | nikopol the Gargoyle Berserker began the quest for the Orb.
     0 | D:1      | Reached XP level 1. HP: 14/14 MP: 1/1
   284 | D:1      | Reached XP level 2. HP: 18/19 MP: 2/2
   718 | D:2      | Reached XP level 3. HP: 15/23 MP: 3/3
   873 | D:2      | Noticed Jessica
   878 | D:2      | Killed Jessica
   878 | D:2      | Reached XP level 4. HP: 24/29 MP: 4/4
  1175 | D:2      | Reached ** piety under Trog
  1897 | D:3      | Reached XP level 5. HP: 11/33 MP: 5/5
  2256 | D:3      | Found a sacrificial altar of Ru.
  2256 | D:3      | Found a burning altar of Makhleb.
  2256 | D:3      | Found a glowing golden altar of the Shining One.
  2821 | D:3      | Found a bloodstained altar of Trog.
  3024 | D:4      | Reached XP level 6. HP: 15/39 MP: 6/6
  3458 | D:4      | Reached *** piety under Trog
  4022 | D:4      | Reached skill level 5 in Fighting
  4022 | D:4      | Reached XP level 7. HP: 32/44 MP: 7/7
  4274 | D:4      | Found a faded altar of an unknown god.
  4274 | D:4      | Found a faded altar of an unknown god.
  4279 | D:4      | Found a basalt altar of Yredelemnul.
  4281 | D:4      | Found a faded altar of an unknown god.
  4282 | D:4      | Found a faded altar of an unknown god.
  4594 | D:4      | Found a radiant altar of Vehumet.
  4689 | D:4      | Reached skill level 5 in Maces & Flails
  5104 | D:5      | Entered Level 5 of the Dungeon
  5308 | D:5      | Noticed Menkaure
  5315 | D:5      | Killed Menkaure
  5586 | D:5      | Slain by a gnoll shaman

Skill      XL: |  1  2  3  4  5  6  7 |
---------------+----------------------+-----
Dodging        | 2 3 |  3.7
Maces & Flails | 4 5 |  5.7
Armour         | 3 4 |  4.8
Fighting       | 4 5 |  5.5

Action                   |  1- 3 |  4- 6 |  7- 9 || total
-------------------------+-------+-------+-------++-------
Melee: Mace              |    83 |   297 |    49 ||   429
       Flail             |       |       |    63 ||    63
Invok: Berserk           |       |     4 |     3 ||     7
  Use: Scroll            |       |       |     2 ||     2
  Eat: Chunk             |       |     6 |       ||     6
       Meat ration       |       |     2 |       ||     2
       Fruit             |       |       |     2 ||     2
       Bread ration      |       |       |     1 ||     1
Armor: Animal skin       |    37 |     6 |       ||    43
       Leather armour    |       |    40 |       ||    40
       Ring mail         |       |   109 |   101 ||   210
Dodge: Dodged            |    62 |   188 |    79 ||   329
